 Dungeon Crawl Stone Soup version 0.18.1-6-gd335043 (webtiles) character file.

779 nubinia the Shield-Bearer (level 7, 0/44 HPs)
             Began as a Gargoyle Fighter on May 19, 2016.
             Was a Follower of Elyvilon.
             Slain by Pikel
             ... wielding a +0 whip of electrocution
              (1 damage)
             ... on level 4 of the Dungeon.
             The game lasted 00:20:35 (3306 turns).

nubinia the Shield-Bearer (Gargoyle Fighter)        Turns: 3306, Time: 00:20:35

Health: 0/44       AC: 13    Str: 20    XL:     7   Next: 85%
Magic:  7/7        EV:  9    Int:  9    God:    Elyvilon [*.....]
Gold:   77         SH: 10    Dex: 10    Spells: 0 memorised, 6 levels left

rFire  . . .     SeeInvis .     a - +1 flail
rCold  . . .     Gourm    .     b - +0 scale mail
rNeg   + . .     Faith    .     c - +0 shield
rPois  ∞         Spirit   .     r - +0 helmet
rElec  +         Dismiss  .     (no cloak)
rCorr  .         Reflect  .     (no gloves)
SustAt +         Harm     .     (no boots)
MR     .....                    (no amulet)
Stlth  +.........               u - ring of stealth
                                k - ring of sustain attributes

@: not resistant to hostile enchantments, very unstealthy
A: negative energy resistance 1, electricity resistance, unbreathing,
petrification resistance, rot immunity, AC +4
a: Lesser Healing, Divine Protection, Renounce Religion


You were on level 4 of the Dungeon.
You worshipped Elyvilon.
Elyvilon was aware of your devotion.
You were not hungry.

You visited 1 branch of the dungeon, and saw 4 of its levels.

You collected 77 gold pieces.

Inventory:

Hand Weapons
 a - a +1 flail (weapon)
 p - a +3 dagger
Missiles
 n - 27 bolts
 y - 24 arrows
Armour
 b - a +0 scale mail (worn)
 c - a +0 shield (worn)
 r - a +0 helmet (worn)
Jewellery
 k - a ring of sustain attributes (left hand)
 u - a ring of stealth (right hand)
Wands
 i - a wand of random effects (8/48)
 v - a wand of iceblast (0/15)
 w - a wand of iceblast (0/15)
Scrolls
 e - a scroll of teleportation {unknown}
 g - a scroll of immolation {unknown}
 o - a scroll of fog {unknown}
 t - a scroll of remove curse
 z - a scroll of enchant weapon
Potions
 d - 2 potions of degeneration {unknown}
 h - a potion of agility
 j - 2 potions of mutation {unknown}
 l - a potion of heal wounds {unknown}
 m - 2 potions of berserk rage {unknown}
 s - a potion of flight
 A - a potion of curing
 B - 2 potions of lignification {unknown}
Comestibles
 f - 3 bread rations
 q - 4 chunks of flesh
 x - a beef jerky


   Skills:
 + Level 4.9 Fighting
 + Level 4.2 Maces & Flails
 + Level 4.6 Armour
 + Level 2.9 Dodging
 + Level 0.5 Stealth
 + Level 5.6 Shields
 * Level 1.2 Invocations
 + Level 0.3 Evocations


You had 6 spell levels left.
You didn't know any spells.

Dungeon Overview and Level Annotations

Branches:
Dungeon (4/15)
 Temple: D:4-7

Altars:
Elyvilon
Okawaru
Xom

Annotations:
D:4 Pikel


Innate Abilities, Weirdness & Mutations

You are resistant to torment.
Your stone body is resilient (AC +4).
You are immune to poison.
You resist negative energy.
You are resistant to electric shocks.
You can survive without breathing.
You are immune to petrification.
You are immune to rotting.


Message History

Pikel hits you but does no damage. The slave barely misses you.
You block the slave's attack. The slave closely misses you.
You barely miss Pikel.
Pikel is almost dead.
You block Pikel's attack. You block the slave's attack.
The slave barely misses you. The slave hits you but does no damage.
The slave hits you.
* * * LOW HITPOINT WARNING * * *
Pikel closely misses you. The slave barely misses you.
You hit Pikel but do no damage.
Pikel is almost dead.
The slave barely misses you. Pikel hits you but does no damage.
The slave hits you.
* * * LOW HITPOINT WARNING * * *
The slave closely misses you.
You barely miss Pikel.
Pikel is almost dead.
You block the slave's attack.
Pikel hits you with a whip of electrocution.
You die...

.....Z..............
.....................
.....................?
......................
.....................
.....................
.....................
.........Kpp.........
..........@p.........
.....................
.....................
.....................
..............>......
.....................
.....................
.....................
.....................


You could see Pikel and 3 slaves.

Vanquished Creatures
  Grinder (D:3)
  Sigmund (D:2)
  A slave (D:2)
  A scorpion (D:3)
  4 orc wizards (D:3)
  An orc priest (D:4)
  Jessica (D:3)
  Ijyb (D:2)
  Robin (D:2)
  3 gnolls
  3 adders
  An adder skeleton (D:2)
  2 worms
  2 giant geckos
  10 orcs
  3 ball pythons
  2 giant cockroaches
  22 goblins
  11 hobgoblins
  3 jackals
  9 kobolds
  9 bats
  3 giant newts
  8 rats
  A butterfly (D:3)
104 creatures vanquished.

Vanquished Creatures (others)
  A giant cockroach (D:2)
  A quokka (D:2)
2 creatures vanquished.

Grand Total: 106 creatures vanquished

Notes
Turn   | Place    | Note
--------------------------------------------------------------
     0 | D:1      | nubinia the Gargoyle Fighter began the quest for the Orb.
     0 | D:1      | Reached XP level 1. HP: 14/14 MP: 1/1
   170 | D:1      | Reached XP level 2. HP: 19/19 MP: 2/2
   639 | D:2      | Reached XP level 3. HP: 24/24 MP: 3/3
   661 | D:2      | Noticed Robin
   945 | D:2      | Killed Robin
   975 | D:2      | Found a white marble altar of Elyvilon.
  1016 | D:2      | Became a worshipper of Elyvilon the Healer
  1079 | D:2      | Noticed Sigmund
  1095 | D:3      | Reached XP level 4. HP: 29/29 MP: 4/4
  1119 | D:3      | Noticed Grinder
  1122 | D:3      | Paralysed by Grinder for 4 turns
  1755 | D:2      | Noticed Ijyb
  1770 | D:2      | Killed Ijyb
  1770 | D:2      | Reached skill level 1 in Dodging
  1879 | D:2      | Killed Sigmund
  1879 | D:2      | Reached skill level 4 in Shields
  1879 | D:2      | Reached XP level 5. HP: 34/34 MP: 5/5
  1879 | D:2      | Reached XP level 6. HP: 39/39 MP: 6/6
  2450 | D:3      | Found an iron altar of Okawaru.
  2525 | D:4      | Reached * piety under Elyvilon
  2525 | D:4      | Noticed a slave
  2527 | D:4      | Noticed a slave
  2544 | D:3      | Paralysed by Grinder for 6 turns
  2555 | D:3      | Paralysed by Grinder for 6 turns
  2586 | D:3      | Killed Grinder
  2586 | D:3      | Reached skill level 5 in Shields
  2586 | D:3      | Reached XP level 7. HP: 39/44 MP: 7/7
  2613 | D:3      | Found a shimmering altar of Xom.
  2812 | D:3      | Noticed Jessica
  2820 | D:3      | Killed Jessica
  2881 | D:4      | Noticed Pikel
  3130 | D:3      | Reached skill level 1 in Invocations
  3305 | D:4      | HP: 1/44 [slave[Pikel] (2)]
  3306 | D:4      | Slain by Pikel

Skill      XL: |  1  2  3  4  5  6  7 |
---------------+----------------------+-----
Fighting       | 4 |  4.9
Dodging        | 2 |  2.9
Maces & Flails | 3 4 |  4.2
Armour         | 4 |  4.6
Shields        | 4 5 |  5.6
Invocations    | 1 |  1.2
Stealth        | |  0.5
Evocations     | |  0.3

Action                   |  1- 3 |  4- 6 |  7- 9 || total
-------------------------+-------+-------+-------++-------
Melee: Flail             |   152 |   208 |   109 ||   469
Evoke: Wand              |       |     5 |       ||     5
  Use: Scroll            |       |     5 |     1 ||     6
       Potion            |       |     5 |       ||     5
  Eat: Chunk             |     1 |     5 |     3 ||     9
Armor: Scale mail        |    77 |   136 |    84 ||   297
Dodge: Dodged            |    50 |    93 |    47 ||   190
Block: Shield            |    79 |   145 |    75 ||   299
